 Dungeon Crawl Stone Soup version 0.23.1-37-gaa34b87b72 (webtiles) character file.

Game seed: 1358362149044919345

136268 Morbidden the Fencer (level 16, -2/133 HPs)
             Began as a Demonspawn Gladiator on Mar 24, 2019.
             Was the Champion of Nemelex Xobeh.
             Engulfed by a cloud of poison gas (8 damage)
             ... on level 4 of the Swamp on Mar 26, 2019.
             The game lasted 01:33:14 (28051 turns).

Morbidden the Fencer (Demonspawn Gladiator)        Turns: 28051, Time: 01:33:14

Health: -2/133     AC: 30    Str: 23    XL:     16   Next: 66%
Magic:  25/25      EV: 18    Int: 19    God:    Nemelex Xobeh [******]
Gold:   1000       SH: 11    Dex: 16    Spells: 15/15 levels left

rFire    + . .     SeeInvis +   c - +4 double sword (flame)
rCold    . . .     Gourm    .   Y - +0 shield
rNeg     . . .     Faith    .   P - +3 plate armour
rPois    .         Spirit   .   T - +2 hat {MR+}
rElec    .         Reflect  .   y - +2 cloak of Undesirable Species {+Blink Str+3 SInv Stlth+}
rCorr    .         Harm     .   Z - +3 pair of gloves of Rationality {Int+4}
MR       ++...                  (no boots)
Stlth    ++........             G - amulet of regeneration
HPRegen  0.72/turn              K - +6 ring of evasion
MPRegen  0.19/turn              M - +3 ring of slaying

@: brilliant, lethally poisoned (-2 -> -46), berserk cooldown, slowed, very slow
A: beak, hooves 2, icy blue scales 1, camouflage 1, fire resistance 1,
nightstalker 2, sense surroundings 1, evolution 1
a: Draw Escape, Draw Destruction, Draw Summoning, Draw Stack, Triple Draw, Deal
Four, Stack Five, Renounce Religion, Evoke Blink


You were on level 4 of the Swamp.
You worshipped Nemelex Xobeh.
Nemelex Xobeh was exalted by your worship.
You were hungry.

You visited 5 branches of the dungeon, and saw 28 of its levels.
You also visited: Sewer and Ossuary.

You collected 2041 gold pieces.
You spent 1041 gold pieces at shops.

Inventory:

Hand Weapons
 c - a +4 double sword of flaming (weapon)
 L - a +6 long sword of protection
Missiles
 V - a throwing net (quivered)
Armour
 y - the +2 cloak of Undesirable Species (worn) {+Blink Str+3 SInv Stlth+}
   (You found it on level 5 of the Lair of Beasts)

   It affects your strength (+3).
   It lets you see invisible.
   It lets you blink.
   It makes you more stealthy.
 P - a +3 plate armour (worn)
 T - a +2 hat of magic resistance (worn)
 Y - a +0 shield (worn)
 Z - the +3 pair of gloves of Rationality (worn) {Int+4}
   (You bought it in a shop on level 1 of the Orcish Mines)

   It affects your intelligence (+4).
Jewellery
 p - an uncursed amulet of the gourmand {unknown}
 G - an amulet of regeneration (around neck)
 K - a +6 ring of evasion (left hand)
 M - a +3 ring of slaying (right hand)
Wands
 d - a wand of iceblast (25)
 r - a wand of paralysis (8)
 w - a wand of flame (52)
 C - a wand of acid (18)
 E - a wand of digging (3)
 I - a wand of random effects (34)
 O - a wand of polymorph (4)
 R - a wand of clouds (6)
 U - a wand of enslavement (10)
Scrolls
 e - 11 scrolls of remove curse
 g - 3 scrolls of vulnerability
 h - 2 scrolls of enchant armour
 l - a scroll of noise
 m - 6 scrolls of fear
 n - 5 scrolls of immolation
 o - 5 scrolls of identify
 u - 2 scrolls of fog
 z - 3 scrolls of teleportation
 A - 6 scrolls of magic mapping
 D - 3 scrolls of enchant weapon
 F - a scroll of torment
 N - 2 scrolls of silence
 Q - 5 scrolls of amnesia
 W - a scroll of blinking
 X - a scroll of holy word
Potions
 a - a potion of cancellation
 b - 3 potions of might
 i - a potion of invisibility
 j - 3 potions of degeneration
 k - 2 potions of mutation
 q - 3 potions of haste
 t - 2 potions of berserk rage
 v - 5 potions of flight
 x - 2 potions of magic
 B - 3 potions of lignification
 H - a potion of agility
 J - 2 potions of resistance
 S - a potion of ambrosia
Comestibles
 f - 43 rations


   Skills:
 * Level 14.1 Fighting
 * Level 15.2 Long Blades
 + Level 1.7 Throwing
 + Level 11.2 Armour
 * Level 11.5 Dodging
 + Level 3.7 Stealth
 + Level 6.6 Shields
 + Level 0.3 Unarmed Combat
 * Level 12.7 Invocations
 + Level 0.2 Evocations


You had 15 spell levels left.
You didn't know any spells.
Your spell library contained the following spells:

 Spells                   Type           Power        Failure   Level  Hunger
 Animate Skeleton         Necr           N/A          50%         1    ##.....
 Apportation              Tloc           ##....       50%         1    ##.....
 Confusing Touch          Hex            ##....       50%         1    ##.....
 Summon Small Mammal      Summ           ##..         50%         1    ##.....
 Cause Fear               Hex            ##........   99%         4    #####..
 Silence                  Hex/Air        ##........   100%        5    ######.
 Yara's Violent Unravell  Hex/Tmut       ##........   100%        5    ######.
 Deflect Missiles         Chrm/Air       ##........   100%        6    #######
 Discord                  Hex            ##........   100%        8    #######


Dungeon Overview and Level Annotations

Branches:
Dungeon (15/15)            Temple (1/1) D:5            Lair (6/6) D:10
  Swamp (4/4) Lair:2       Spider (0/4) Lair:2        Slime (0/5) Lair:5
    Orc (2/2) D:11            Elf (0/3) Orc:2        Vaults (0/5) D:13
 Depths (0/5) D:15

Altars:
Ashenzari
Cheibriados
Dithmenos
Elyvilon
Fedhas
Gozag
Hepliaklqana
Kikubaaqudgha
Makhleb
Nemelex Xobeh
Okawaru
Qazlal
Ru
Sif Muna
Trog
Uskayaw
Vehumet
Wu Jian
Xom
Yredelemnul
Zin
The Shining One
Beogh

Shops:
D:5 [   D:10 *   D:11 *   D:12 *[(   D:15 [   Orc:1 %%[   Orc:2 :?[(

Annotations:
D:11 Maurice
Lair:4 exclusion: door
Swamp:4 exclusion: Roxanne, Roxanne
Abyss:1 Nessos


Innate Abilities, Weirdness & Mutations

You have hoof-like feet.
You are partially covered in icy blue scales. (AC +2)
Your flesh is heat resistant. (rF+)
You are significantly more attuned to the shadows.
You have a beak for a mouth.
Your skin changes colour to match your surroundings (Stealth+).
You passively map a small area around you.
You evolve.


Message History

Unknown command.
Unknown command.
Unknown command.
You draw a card...
You have drawn Exile.
The swamp dragon is devoured by a tear in reality.
You are engulfed in poison gas.
You are lethally poisoned!
* * * LOW HITPOINT WARNING * * *
x2 You feel very sick.
Unknown command.
Unknown command.
Unknown command.
Okay, then.
Unknown command.
Unknown command.
You feel clever all of a sudden.
You are engulfed in poison gas.
You are more poisoned.
You die...
Your body glows with a rainbow of weird colours and disappears.

♣♣♣♣♣ ♣♣♣.≈.♣♣ ♣♣♣♣♣♣♣♣
♣♣.....≈♣♣♣♣♣♣..♣.≈.♣♣♣♣
≈.≈≈.^..≈♣≈..≈≈☼○☼≈§≈.≈♣♣
.≈≈≈≈≈§....≈≈≈≈○@○..≈..≈♣♣♣♣§...
†.≈≈≈≈≈≈.≈≈≈≈≈§○♣☼..≈.≈≈.≈≈.....≈
.≈≈≈≈≈≈≈.≈≈≈≈≈≈§§♣...≈≈≈≈.♣≈..≈≈≈
≈≈≈≈≈≈≈≈.≈≈≈≈≈≈≈≈♣♣≈≈≈≈≈≈≈.≈≈..≈≈
≈≈≈≈≈≈≈≈≈....§≈≈♣≈.≈§≈≈.≈≈.≈.≈≈≈≈
≈≈≈.≈≈≈≈≈≈♣≈≈≈♣♣..§§.§♣.≈.≈♣.≈≈≈≈
≈≈.≈≈≈ ≈≈♣♣♣♣♣...≈≈≈.♣♣♣.≈.≈♣ ≈ ≈
....#####≈≈≈...≈†≈≈≈##*##≈≈§♣ ,≈
.≈≈##(..##.#...#.#.## ,##≈.♣ ≈,


There were no monsters in sight!

Vanquished Creatures
  Frances (Swamp:1)
  Gastronok (D:12)
  Kirke (Lair:6)
  A thorn hunter (Swamp:2)
  The ghost of Slothtographer the Warrior, an adept TeMo of Jiyva (Swamp:3)
  An orc warlord (Orc:2)
  A stone giant (Orc:2)
  A caustic shrike skeleton (D:15)
  A minotaur (Lair:1)
  An ettin (Orc:2)
  The ghost of chimenez the Blocker, a journeyman GnFi of Okawaru (Lair:1)
  A fire dragon (Swamp:3)
  A centaur warrior (D:13)
  2 vault guards (D:13)
  16 hydras
  A catoblepas (Lair:5)
  4 ghost crabs
  Erica (D:8)
  5 alligators
  2 two-headed ogres
  3 death yaks (Lair:3)
  2 tengu warriors
  A deep elf knight (Orc:2)
  An orc high priest (Orc:2)
  Nergalle (Orc:1)
  A spriggan druid (Swamp:2)
  A skeletal warrior (D:15)
  A flayed ghost (D:15)
  A fire crab (Orc:2)
  A wizard (D:13)
  3 swamp dragons
  A spectral hydra (Swamp:4)
  2 orc knights
  A necromancer (D:15)
  A wolf spider (Swamp:3)
  2 deep elf magi
  A frost giant zombie (D:15)
  3 orc sorcerers
  A manticore (D:14)
  An oklob plant (Lair:5)
  5 cyclopes
  6 ugly things
  A fire giant zombie (D:15)
  A moth of wrath (Lair:5)
  16 spiny frogs
  3 black mambas
  Psyche (D:12)
  4 centaur skeletons
  3 rime drakes
  2 kobold demonologists (D:15)
  10 komodo dragons
  A guardian mummy (D:15)
  A yaktaur (D:13)
  6 trolls
  6 tyrant leeches
  8 hornets
  A polar bear (Lair:6)
  6 meliai
  A queen bee (Lair:3)
  A harpy skeleton (D:15)
  20 blink frogs
  A fire dragon zombie (D:15)
  10 bog bodies
  8 hippogriffs
  A spectral tyrant leech (Swamp:4)
  7 dream sheep
  18 spriggans
  A shadow (Swamp:1)
  A water elemental (D:11)
  2 redbacks (Lair:2)
  2 vampires
  2 wyverns
  16 humans (D:13)
  2 wraiths
  Grum (D:8)
  43 yaks
  7 hogs (Lair:6)
  3 hungry ghosts
  A basilisk (Lair:6)
  15 insubstantial wisps
  12 vampire mosquitoes
  A spectral spiny frog (Swamp:4)
  4 wargs
  12 swamp worms
  2 acid dragons (D:14)
  A soldier ant (D:12)
  11 water moccasins
  A hydra simulacrum (Swamp:4)
  5 porcupines
  A floating eye (shapeshifter) (D:13)
  A spectral hornet (Swamp:4)
  A hornet zombie (D:14)
  An ice beast (D:7)
  6 sky beasts
  9 black bears
  25 orc warriors
  2 eyes of draining
  5 swamp drakes
  An alligator simulacrum (Swamp:4)
  A necrophage (D:12)
  12 centaurs
  10 ogres
  A phantom (D:8)
  21 wolves
  8 boggarts
  7 crocodiles
  8 big kobolds
  An elf zombie (Ossuary)
  Blork the orc (D:4)
  15 bullfrogs
  A gnoll sergeant (D:9)
  6 scorpions
  A wyvern skeleton (D:8)
  49 killer bees
  4 electric eels (D:11)
  12 wights
  A howler monkey (D:9)
  3 centaur zombies
  9 crimson imps
  2 bullfrog zombies
  A gnoll shaman (D:7)
  A quasit (D:8)
  A human zombie (Ossuary)
  32 orc priests
  6 hounds
  3 jellies
  An iguana (Orc:2)
  Terence (D:2)
  25 orc wizards
  9 worker ants
  A killer bee zombie (D:6)
  3 big kobold zombies (Ossuary)
  A hound zombie (D:7)
  A hound skeleton (D:4)
  3 mummies
  11 adders
  20 gnolls
  A river rat (Sewer)
  4 shadow imps
  6 oozes
  2 adder zombies
  8 worms
  3 dart slugs
  8 leopard geckos
  106 orcs
  5 ball pythons (Sewer)
  6 bats
  5 giant cockroaches
  3 goblins
  6 hobgoblins
  6 jackals
  6 quokkas
  6 frilled lizards
  2 goblin zombies (Ossuary)
  8 hobgoblin zombies (Ossuary)
  A jackal zombie (Ossuary)
  9 kobolds
  11 kobold zombies (Ossuary)
  5 orc zombies (Ossuary)
  8 rats
  2 rat zombies (Ossuary)
938 creatures vanquished.

Vanquished Creatures (collateral kills)
  Bai Suzhen (Swamp:3)
  Jorgrun (Swamp:3)
  Rupert (Lair:3)
  The ghost of Tazu the Basher, a journeyman TrBe of Trog (Lair:5)
  2 alligators (Swamp:2)
  Urug (Lair:2)
  3 spriggans
  A sea snake (Swamp:3)
  A swamp dragon (Swamp:4)
  A spectral hydra (Swamp:4)
  An ugly thing (D:11)
  A cyclops (Swamp:4)
  A spiny frog (Swamp:2)
  A troll (Orc:1)
  3 hornets
  A spectral tyrant leech (Swamp:4)
  2 vampire mosquitoes (Swamp:3)
  A hydra simulacrum (Swamp:4)
  A porcupine (Lair:2)
  4 swamp drakes (Swamp:4)
  A swamp dragon simulacrum (Swamp:4)
  A killer bee (D:6)
  A jelly (D:6)
32 creatures vanquished.

Vanquished Creatures (others)
  2 swamp dragons (Swamp:4)
  2 hornets
  A bog body (Swamp:4)
  A spriggan (Swamp:4)
  4 humans (D:13)
  2 insubstantial wisps (Swamp:1)
  A swamp drake (Swamp:2)
  An ogre (D:7)
  A killer bee (D:12)
  A crimson imp (D:12)
  2 orc priests
  An orc wizard (Orc:2)
  An adder (D:6)
  A gnoll (Orc:2)
  2 ball lightnings
  2 orcs
  11 fungi
  15 plants
51 creatures vanquished.

Grand Total: 1021 creatures vanquished

Notes
Turn   | Place    | Note
-------+----------+-------------------------------------------
     0 | D:1      | Morbidden the Demonspawn Gladiator began the quest for the
                  | Orb.
     0 | D:1      | Reached XP level 1. HP: 16/16 MP: 1/1
    89 | D:1      | Reached skill level 3 in Long Blades
    89 | D:1      | Gained mutation: You have large cloven feet. [demonic
                  | ancestry]
    89 | D:1      | Reached XP level 2. HP: 22/22 MP: 2/2
   530 | D:2      | Gained mutation: Your flesh is heat resistant. (rF+)
                  | [demonic ancestry]
   530 | D:2      | Reached XP level 3. HP: 21/28 MP: 3/3
  1235 | D:2      | Noticed Terence
  1248 | D:2      | Killed Terence
  1248 | D:2      | Reached XP level 4. HP: 2/34 MP: 4/4
  2031 | D:3      | Reached skill level 4 in Long Blades
  2149 | D:3      | Found an iron altar of Okawaru.
  2532 | D:3      | Found a shadowy altar of Dithmenos.
  2880 | D:4      | Reached skill level 1 in Armour
  2880 | D:4      | Gained mutation: You are partially covered in icy blue
                  | scales. (AC +2) [demonic ancestry]
  2880 | D:4      | Reached XP level 5. HP: 11/41 MP: 5/5
  2976 | D:4      | Found a glowing drain.
  3074 | Sewer    | Entered a sewer
  3503 | Sewer    | Reached XP level 6. HP: 32/47 MP: 6/6
  3529 | Sewer    | Reached skill level 5 in Long Blades
  3666 | D:4      | Noticed Blork the orc
  3673 | D:4      | Killed Blork the orc
  3768 | D:4      | Reached XP level 7. HP: 18/53 MP: 7/7
  4260 | D:4      | Reached skill level 6 in Long Blades
  4289 | D:4      | Found a snail-covered altar of Cheibriados.
  4450 | D:5      | Entered Level 5 of the Dungeon
  4644 | D:5      | Found Nuvagasch's Armour Boutique.
  4664 | D:5      | Found a sand-covered staircase.
  4684 | Ossuary  | Entered an ossuary
  4822 | Ossuary  | Reached XP level 8. HP: 20/61 MP: 8/8
  4888 | Ossuary  | Reached skill level 7 in Long Blades
  5368 | D:5      | Found a staircase to the Ecumenical Temple.
  5380 | Temple   | Entered the Ecumenical Temple
  5431 | Temple   | Became a worshipper of Nemelex Xobeh the Trickster
  5510 | D:5      | Reached skill level 1 in Invocations
  5605 | D:6      | Received a gift from Nemelex Xobeh
  5953 | D:6      | Reached skill level 5 in Fighting
  6107 | D:6      | Reached skill level 8 in Long Blades
  6414 | D:6      | Reached * piety under Nemelex Xobeh
  6498 | D:6      | Gained mutation: You have a beak for a mouth. [potion of
                  | mutation]
  6498 | D:6      | Gained mutation: You evolve. [potion of mutation]
  6501 | D:6      | Reached XP level 9. HP: 46/68 MP: 10/10
  6770 | D:7      | Received a gift from Nemelex Xobeh
  6822 | D:7      | Reached skill level 9 in Long Blades
  7148 | D:7      | Reached ** piety under Nemelex Xobeh
  7267 | D:8      | Noticed Grum
  7287 | D:7      | Reached skill level 5 in Dodging
  7430 | D:8      | Killed Grum
  7478 | D:8      | Noticed Erica
  7587 | D:8      | Killed Erica
  7587 | D:8      | Reached XP level 10. HP: 21/79 MP: 13/13
  7774 | D:8      | Gained mutation: You passively map a small area around you.
                  | [evolution]
  8007 | D:8      | Reached skill level 5 in Invocations
  8024 | D:8      | You fall through a shaft for 3 floors!
  8024 | D:11     | Noticed Maurice
  8052 | D:11     | Noticed a cyclops
  8116 | D:11     | Reached skill level 5 in Armour
  8129 | D:11     | Found Vusif's Assorted Antiques.
  8143 | D:11     | Reached skill level 10 in Long Blades
  8145 | D:11     | Found a sacrificial altar of Ru.
  8179 | D:11     | Gained mutation: You are slightly more attuned to the
                  | shadows. [demonic ancestry]
  8179 | D:11     | Reached XP level 11. HP: 36/84 MP: 15/15
  8326 | D:11     | Received a gift from Nemelex Xobeh
  8603 | D:11     | Identified the +2 dagger of the Weasel {vamp, rN+ Int+4
                  | Dex+3}
  8628 | D:11     | Gained mutation: Your muscles are strong. (Str +2)
                  | [evolution]
  8646 | D:11     | Found a staircase to the Orcish Mines.
  8724 | D:11     | Noticed a white ugly thing
  8733 | D:11     | Killed a white ugly thing
  9127 | D:11     | Noticed a two-headed hydra
  9163 | D:11     | Reached skill level 11 in Long Blades
  9327 | D:10     | Entered Level 10 of the Dungeon
  9391 | D:10     | Reached *** piety under Nemelex Xobeh
  9403 | D:10     | Found Amezai's General Store.
  9802 | D:10     | Reached XP level 12. HP: 92/92 MP: 16/16
  9878 | D:10     | Found a staircase to the Lair.
 10224 | D:9      | Found an opulent altar of Gozag.
 10304 | D:9      | Found a stormy altar of Qazlal.
 10358 | D:9      | Paralysed by a hornet for 3 turns
 10417 | D:9      | Received a gift from Nemelex Xobeh
 10467 | D:9      | Reached **** piety under Nemelex Xobeh
 10552 | D:9      | Found a shimmering altar of Xom.
 10800 | D:9      | Found a burning altar of Makhleb.
 11130 | D:8      | Received a gift from Nemelex Xobeh
 11236 | Lair:1   | Entered Level 1 of the Lair of Beasts
 11279 | Lair:1   | Found a runed translucent gate.
 11279 | Lair:1   | Found a runed translucent gate.
 11280 | Lair:1   | Found a runed translucent gate.
 11320 | Lair:1   | Gained mutation: Your skin changes colour to match your
                  | surroundings (Stealth+). [evolution]
 11349 | Lair:1   | Received a gift from Nemelex Xobeh
 11662 | Lair:1   | Received a gift from Nemelex Xobeh
 11854 | Lair:1   | Noticed chimenez's ghost (journeyman GnFi)
 11854 | Lair:1   | Noticed a minotaur
 11938 | Lair:2   | Noticed Urug
 11963 | Lair:2   | Killed Urug
 12090 | Lair:2   | Received a gift from Nemelex Xobeh
 12094 | Lair:2   | Found a hole to the Spider Nest.
 12183 | Lair:2   | Received a gift from Nemelex Xobeh
 12198 | Lair:2   | Found a staircase to the Swamp.
 12462 | Lair:2   | Reached ***** piety under Nemelex Xobeh
 12917 | Lair:3   | Received a gift from Nemelex Xobeh
 12928 | Lair:3   | Reached skill level 12 in Long Blades
 13141 | Lair:3   | Noticed a death yak
 13141 | Lair:3   | Noticed a death yak
 13141 | Lair:3   | Noticed a death yak
 13176 | Lair:3   | Killed a death yak
 13181 | Lair:3   | Killed a death yak
 13202 | Lair:3   | Killed a death yak
 13310 | Lair:3   | Reached skill level 1 in Stealth
 13403 | Lair:3   | Received a gift from Nemelex Xobeh
 13561 | Lair:3   | Noticed Rupert
 13584 | Lair:3   | Killed Rupert
 13584 | Lair:3   | Gained mutation: You are significantly more attuned to the
                  | shadows. [demonic ancestry]
 13584 | Lair:3   | Reached XP level 13. HP: 101/101 MP: 19/19
 14251 | Lair:4   | Received a gift from Nemelex Xobeh
 14288 | Lair:4   | Found a runed translucent door.
 14962 | Lair:5   | Found a transporter.
 14973 | Lair:5   | Received a gift from Nemelex Xobeh
 15154 | Lair:5   | Received a gift from Nemelex Xobeh
 15191 | Lair:5   | Lost mutation: Your muscles are strong. (Str +2)
                  | [evolution]
 15200 | Lair:5   | Reached skill level 10 in Fighting
 15376 | Lair:5   | Found a transporter.
 15431 | Lair:5   | Found a staircase to the Slime Pits.
 15445 | Lair:5   | Reached skill level 13 in Long Blades
 15761 | Lair:5   | Received a gift from Nemelex Xobeh
 15782 | Lair:5   | Noticed Tazu's ghost (journeyman TrBe)
 16185 | Lair:5   | Got a fine cloak
 16201 | Lair:5   | Killed Tazu's ghost
 16226 | Lair:5   | Identified the +2 cloak of Undesirable Species {+Blink
                  | Str+3 SInv Stlth+} (You found it on level 5 of the Lair of
                  | Beasts)
 16283 | Lair:6   | Entered Level 6 of the Lair of Beasts
 16872 | Lair:6   | Noticed Kirke
 16876 | Lair:6   | Reached XP level 14. HP: 88/111 MP: 21/21
 16884 | Lair:6   | Reached skill level 1 in Shields
 16886 | Lair:6   | Noticed a sphinx
 17099 | Lair:6   | Received a gift from Nemelex Xobeh
 17119 | Lair:6   | Killed Kirke
 17367 | Lair:6   | Reached skill level 14 in Long Blades
 17533 | Lair:6   | Reached skill level 10 in Dodging
 17780 | Lair:4   | Gained mutation: Scrolls take you a little longer to read.
                  | [evolution]
 17873 | D:12     | Noticed Psyche
 17881 | D:12     | Killed Psyche
 17895 | D:12     | Reached skill level 10 in Invocations
 17896 | D:12     | Found Unkiloof's Armour Shop.
 17899 | D:12     | Noticed Gastronok
 17909 | D:12     | Noticed Nessos
 17915 | D:12     | Banished Nessos
 18121 | D:12     | Killed Gastronok
 18234 | D:12     | Received a gift from Nemelex Xobeh
 18311 | D:12     | Found Qiviv's Antique Weapon Shop.
 18467 | D:12     | Reached skill level 10 in Armour
 18656 | D:12     | Found Talleil's General Store.
 18668 | D:12     | Found an ancient bone altar of Kikubaaqudgha.
 18836 | D:13     | Received a gift from Nemelex Xobeh
 19136 | D:13     | Found a gate to the Vaults.
 19436 | D:13     | Received a gift from Nemelex Xobeh
 19852 | D:14     | Received a gift from Nemelex Xobeh
 20014 | D:14     | Lost mutation: Scrolls take you a little longer to read.
                  | [evolution]
 20052 | D:15     | Entered Level 15 of the Dungeon
 20177 | D:15     | Found a staircase to the Depths.
 20190 | D:15     | Reached XP level 15. HP: 56/122 MP: 23/23
 20562 | D:15     | Received a gift from Nemelex Xobeh
 20735 | D:15     | Found Ysucsac's Armour Shop.
 20913 | D:15     | Reached ****** piety under Nemelex Xobeh
 21232 | D:15     | Received a gift from Nemelex Xobeh
 21453 | Orc:1    | Entered Level 1 of the Orcish Mines
 21458 | Orc:1    | Noticed Nergalle
 21472 | Orc:1    | Killed Nergalle
 21552 | Orc:1    | Reached skill level 5 in Shields
 21577 | Orc:1    | Found Akhlo's Food Shoppe.
 21605 | Orc:1    | Found Izor's Food Emporium.
 21802 | Orc:1    | Found Rikhupha's Antique Armour Shoppe.
 21807 | Orc:1    | Bought a pair of translucent gloves for 209 gold pieces
 21817 | Orc:1    | Identified the +3 pair of gloves of Rationality {Int+4}
                  | (You bought it in a shop on level 1 of the Orcish Mines)
 22014 | Orc:2    | Entered Level 2 of the Orcish Mines
 22022 | Orc:2    | Found a roughly hewn altar of Beogh.
 22040 | Orc:2    | Found Rubufrom's Book Boutique.
 22366 | Orc:2    | Received a gift from Nemelex Xobeh
 22373 | Orc:2    | Noticed an orc warlord
 22377 | Orc:2    | an orc warlord changed into an ettin
 22402 | Orc:2    | Found Ilore's Antique Weapon Emporium.
 22403 | Orc:2    | Found a roughly hewn altar of Beogh.
 22404 | Orc:2    | Found Mos Roim's Antique Armour Shoppe.
 22591 | Orc:2    | Noticed an orc warlord
 22600 | Orc:2    | Killed an orc warlord
 22800 | Orc:2    | Found a staircase to the Elven Halls.
 22964 | Orc:2    | Found a roughly hewn altar of Beogh.
 22982 | Orc:2    | Found Immir's Magic Scroll Emporium.
 23032 | Orc:2    | Found a roughly hewn altar of Beogh.
 23054 | Orc:2    | Found a roughly hewn altar of Beogh.
 23213 | Orc:2    | Bought a scroll of acquirement for 832 gold pieces
 23362 | Swamp:1  | Entered Level 1 of the Swamp
 23557 | Lair:1   | Killed chimenez's ghost
 23891 | Swamp:1  | You fall through a shaft!
 23898 | Swamp:2  | Received a gift from Nemelex Xobeh
 24853 | Swamp:1  | Noticed Frances
 24865 | Swamp:1  | Killed Frances
 24865 | Swamp:1  | Gained mutation: You have hoof-like feet. [demonic
                  | ancestry]
 24865 | Swamp:1  | Reached XP level 16. HP: 128/132 MP: 23/25
 25074 | Swamp:1  | Received a gift from Nemelex Xobeh
 25388 | Swamp:2  | Noticed a thorn hunter
 25394 | Swamp:2  | Killed a thorn hunter
 25732 | Swamp:2  | Received a gift from Nemelex Xobeh
 26003 | Swamp:2  | Paralysed by a hornet for 1 turns
 26197 | Swamp:3  | Noticed Jorgrun
 26199 | Swamp:3  | Noticed Bai Suzhen
 26223 | Swamp:3  | Identified the +0 long sword "Visaceih" {antimagic, Int+2
                  | Dex+4}
 26224 | Swamp:3  | Identified the +0 hand axe of the Eternal Void {chop, SInv}
 26229 | Swamp:3  | Killed Bai Suzhen
 26233 | Swamp:3  | Killed Jorgrun
 26413 | Swamp:3  | Received a gift from Nemelex Xobeh
 27103 | Swamp:4  | Entered Level 4 of the Swamp
 27104 | Swamp:4  | Found a runed translucent gate.
 27105 | Swamp:4  | Found a runed translucent gate.
 27106 | Swamp:4  | Found a runed translucent gate.
 27113 | Swamp:4  | Identified Roxanne's Incunabulum of Clay
 27113 | Swamp:4  | Noticed Roxanne
 27133 | Swamp:4  | Noticed Slothtographer's ghost (adept TeMo)
 27155 | Swamp:4  | Reached skill level 15 in Long Blades
 27388 | Swamp:3  | Killed Slothtographer's ghost
 27991 | Swamp:4  | Identified the -2 quarterstaff "Zuclir Bapank" {flame, +Inv
                  | MP+9}
 28038 | Swamp:4  | Identified the +1 trident of the Orcish Mines {venom,
                  | Str+6}
 28050 | Swamp:4  | HP: 6/133 [poison (poison gas)]
 28051 | Swamp:4  | Engulfed by a cloud of poison gas

Skill      XL: |  1  2  3  4  5  6  7  8  9 10 11 12 13 14 15 16 |
---------------+-------------------------------------------------+-----
Long Blades    | 3 4 5 6 8 9 10 11 12 13 14 15 | 15.2
Dodging        | 3 4 5 8 9 10 11 | 11.5
Fighting       | 3 4 5 7 8 9 10 12 13 14 | 14.1
Armour         | 1 2 3 4 8 9 10 11 | 11.2
Invocations    | 2 4 5 6 8 9 10 12 | 12.7
Stealth        | 1 2 3 |  3.7
Shields        | 3 6 |  6.6
Throwing       | |  1.7
Unarmed Combat | |  0.3
Evocations     | |  0.2

Action                   |  1- 3 |  4- 6 |  7- 9 | 10-12 | 13-15 | 16-18 || total
-------------------------+-------+-------+-------+-------+-------+-------++-------
Melee: Long sword        |    67 |   279 |   434 |       |   271 |       ||  1051
       Kick              |    13 |    70 |   176 |   274 |   592 |    99 ||  1224
       Peck              |       |       |    22 |   159 |   365 |    54 ||   600
       Scimitar          |       |       |       |   615 |   824 |       ||  1439
       Unarmed           |       |       |       |       |     5 |       ||     5
       Double sword      |       |       |       |       |   183 |   239 ||   422
Invok: Stack Five        |       |       |       |     1 |     2 |     1 ||     4
 Abil: Draw Destruction  |       |       |    15 |     2 |    39 |    21 ||    77
       Draw Escape       |       |       |     4 |     1 |     3 |     9 ||    17
       Draw Summoning    |       |       |     1 |     4 |     5 |    10 ||    20
       Draw Stack        |       |       |       |     3 |     5 |     7 ||    15
Evoke: Wand              |       |       |     1 |     4 |     3 |     1 ||     9
  Use: Scroll            |       |     4 |    11 |     9 |    11 |     6 ||    41
       Potion            |       |     3 |     8 |     7 |    10 |     5 ||    33
 Stab: Sleeping          |       |     1 |       |       |     3 |       ||     4
       Invisible         |       |       |       |     7 |       |       ||     7
       Distracted        |       |       |       |     1 |     2 |       ||     3
       Petrified         |       |       |       |       |     2 |     1 ||     3
  Eat: Chunk             |       |     9 |    12 |    16 |    17 |     8 ||    62
       Ration            |       |       |     3 |     2 |     6 |     1 ||    12
Armor: Leather armour    |    23 |    17 |       |       |       |       ||    40
       Chain mail        |       |   139 |   154 |       |       |       ||   293
       Plate armour      |       |       |    98 |   308 |   581 |   171 ||  1158
       Skin              |       |       |     3 |       |       |       ||     3
Dodge: Dodged            |    39 |   110 |   240 |   421 |  1025 |   203 ||  2038
Block: Buckler           |       |       |       |       |    85 |       ||    85
       Shield            |       |       |       |       |   288 |   149 ||   437
       Rpst.: Long sword |    16 |    31 |    77 |       |    44 |       ||   168
       Scimitar          |       |       |       |   128 |   224 |       ||   352
       Double sword      |       |       |       |       |    19 |    37 ||    56
